 Dungeon Crawl Stone Soup version 0.27-a0-637-g3a9f0a9c12 (webtiles) character file.

Game seed: 12340405411762335563

95 JoanKharjo the Shooter (level 4, -7/32 HPs)
             Began as a Human Arcane Marksman on Mar 15, 2021.
             Mangled by Blork the orc
             ... wielding a +0 battleaxe
              (11 damage)
             ... on level 6 of the Dungeon.
             The game lasted 00:07:27 (3359 turns).

JoanKharjo the Shooter (Human Arcane Marksman)      Turns: 3359, Time: 00:07:28

Health: -7/32      AC:  3    Str: 10    XL:     4   Next: 97%
Magic:  5/5        EV: 12    Int: 14    God:
Gold:   212        SH:  0    Dex: 14    Spells: 2/5 levels left

rFire    . . .     SeeInvis .   k - +0 short sword
rCold    . . .     Faith    .   (no shield)
rNeg     . . .     Spirit   .   e - +0 robe
rPois    .         Reflect  .   (no helmet)
rElec    .         Harm     .   (no cloak)
rCorr    .         Rampage  .   g - +0 pair of gloves
Will     .....                  (no boots)
Stlth    +.........             (no amulet)
HPRegen  0.10/turn              (no ring)
MPRegen  0.09/turn              (no ring)

@: mighty
A: no striking features
a: no special abilities


You were on level 6 of the Dungeon.
You visited 1 branch of the dungeon, and saw 4 of its levels.

You collected 212 gold pieces.

Inventory:

Hand Weapons
 a - a +0 shortbow
 k - a +0 short sword (weapon)
Missiles
 d - 17 arrows
Armour
 e - a +0 robe (worn)
 g - a +0 pair of gloves (worn)
Magical Staves
 j - a staff of air
Wands
 n - a wand of random effects (18)
 q - a wand of iceblast (6)
Scrolls
 p - a scroll of enchant weapon
 r - a scroll of fog
Potions
 b - a potion of resistance {unknown}
 c - 2 potions of lignification {unknown}
 f - 6 potions of curing
 h - a potion of haste {unknown}
 l - 2 potions of heal wounds {unknown}
 m - 2 potions of might
 o - 3 potions of attraction {unknown}


   Skills:
 - Level 1.0 Fighting
 - Level 2.0 Short Blades
 - Level 3.5 Bows
 - Level 2.0 Dodging
 - Level 1.0 Spellcasting
 + Level 3.5 Hexes


You had 2 spell levels left.
You knew the following spells:

 Your Spells              Type           Power      Damage    Failure   Level
a - Corona                Hex            11%        N/A       6%          1
b - Slow                  Hex            10%        N/A       10%         2

Your spell library contained the following spells:

 Spells                   Type           Power      Damage    Failure   Level
 Inner Flame              Hex/Fire       5%         N/A       36%         3
 Portal Projectile        Hex/Tloc       10%        N/A       36%         3
 Cause Fear               Hex            5%         N/A       52%         4
 Leda's Liquefaction      Hex/Erth       2%         N/A       77%         4


Dungeon Overview and Level Annotations

Branches:
Dungeon (3/15)

Altars:

Annotations:
D:6 Blork the orc


Message History

Something unseen opens the door.
Found a scroll of identify.
Found a stone staircase leading down.
The bullfrog swells and bulges.
The bullfrog swells and bulges.
There is an open door here.
Press: ? - help, v - describe, . - travel
Here: a phantom The floor.
Unknown command.
Okay, then.
Unknown command.
Blork the orc comes into view.
He is wielding a +0 battleaxe.
Blork the orc shouts!
Blork the orc casts a spell.
Blork the orc seems to speed up.
Okay, then.
You feel very mighty all of a sudden. Blork the orc casts a spell at you.
The puff of frost hits you! The bullfrog barely misses you.
Unknown command.
You puncture the bullfrog!
The bullfrog is heavily wounded.
The bullfrog barely misses you.
Blork the orc screams, "Die!"
The bullfrog hits you but does no damage.
You barely miss the bullfrog.
The bullfrog is moderately wounded.
Blork the orc drinks a potion.
Blork the orc flickers and vanishes!
Deactivating autopickup; reactivate with Ctrl-A.
The bullfrog hits you but does no damage.
You closely miss the bullfrog.
The bullfrog is moderately wounded.
The bullfrog hits you. x2
You puncture the bullfrog!
The bullfrog is severely wounded.
The bullfrog hits you!
* * * LOW HITPOINT WARNING * * *
Something hits you!
You die...

### ##.....### # F?
#......#####. #...
#.##............
#..#+#..W....#####.
#............#
#..........(.#
#######'####.#
#######.##########.#
..........WF@......#
######..#########..#
###..........
#............
#.#..........
#.#..........
#............
###..####....
######..........


You could see a phantom and a bullfrog.

Vanquished Creatures
  A hound zombie (D:6)
  2 adders (D:2)
  An ooze (D:1)
  A worm (D:3)
  4 dart slugs
  2 leopard geckos
  3 orcs
  4 giant cockroaches
  3 goblins
  9 hobgoblins
  A quokka (D:3)
  3 bats (D:2)
  5 frilled lizards
  A kobold (D:1)
  3 rats
43 creatures vanquished.

Vanquished Creatures (others)
  A plant (D:1)
1 creature vanquished.

Grand Total: 44 creatures vanquished

Notes
Turn   | Place    | Note
-------+----------+-------------------------------------------
     0 | D:1      | JoanKharjo the Human Arcane Marksman began the quest for
                  | the Orb.
     0 | D:1      | Reached XP level 1. HP: 15/15 MP: 2/2
   352 | D:1      | Reached XP level 2. HP: 21/21 MP: 1/3
   355 | D:1      | Learned a level 2 spell: Slow
  1031 | D:1      | Reached XP level 3. HP: 20/26 MP: 1/4
  1818 | D:2      | Reached skill level 1 in Short Blades
  2089 | D:2      | Reached XP level 4. HP: 27/32 MP: 3/5
  3138 | D:3      | You fall into a shaft and drop 3 floors!
  3333 | D:6      | Noticed a bullfrog
  3340 | D:6      | Noticed a phantom
  3342 | D:6      | Noticed a bullfrog
  3353 | D:6      | Noticed Blork the orc
  3359 | D:6      | Mangled by Blork the orc

Illustrated notes

Levels and vault maps discovered:
D:1:      nzn_arrival_water_spiral, layout_loops_ring, serial_bayou_pond_a,
          kennysheep_small_spiral
D:2:      layout_rooms
D:3:      layout_basic, hex_large
D:6:      layout_basic, minmay_divided_ellipse, uniq_blork_the_orc

Skill      XL: |  1  2  3  4 |
---------------+-------------+-----
Bows           | 3 |  3.5
Short Blades   | 1 2 |  2.0
Fighting       | |  1.0
Dodging        | |  2.0
Spellcasting   | |  1.0
Hexes          | |  3.5

Action                   |  1- 3 |  4- 6 || total
-------------------------+-------+-------++-------
Melee: Club              |    45 |       ||    45
       Short sword       |    37 |    80 ||   117
 Fire: Shortbow          |    23 |     6 ||    29
 Cast: Corona            |    16 |    15 ||    31
  Use: Scroll            |       |     4 ||     4
       Potion            |       |     1 ||     1
 Stab: Sleeping          |     2 |       ||     2
Armor: Robe              |    19 |    20 ||    39
Dodge: Dodged            |    58 |    37 ||    95

Table legend: (Time is in decaauts)
 A = Elapsed time spent in this place.
 B = Non-inter-level travel time spent in this place.
 C = Inter-level travel time spent in this place.
 D = Time resting spent in this place.
 E = Time spent auto-exploring this place.
 F = Levels seen in this place.
 G = Mean time per level.
                   A        B        C        D        E       F      G
               +--------+--------+--------+--------+--------+-----+--------+
         Total |   3380 |   3242 |    138 |     93 |   2603 |   4 |  845.0 |
       Dungeon |   3380 |   3242 |    138 |     93 |   2603 |   4 |  845.0 |
               +--------+--------+--------+--------+--------+-----+--------+

Top non-repeatable levels by time:
     D:1: 1569 daAuts
     D:2: 1111 daAuts
     D:3: 478 daAuts
     D:6: 220 daAuts
